AoeStats
← Draskard CL

Arena

510399138Analyzed
3v3 RM · 3d ago on Sep 30, 2026· 49m 56s· 6 players
Game mode
Random Map
Map size
Normal (6 player)
Population
200
Speed
Normal
Resources
Standard
Victory
Conquest
Starting age
Dark Age
Ending age
Imperial Age
RankedLock teamsTeams togetherTeam positionsShared explorationLock speedFull tech treeHidden civsTurbo modeCheats
Victory
Defeat
🇫🇷 Goths · France
995
+11
🇫🇷 Persians · France
932
+13
🇧🇪 Slavs · Belgium
829
+36
🇫🇷 Britons · France
952
-17
🇨🇱 Franks · Chile
872
-14
🇨🇭 Danes · Switzerland
778
-25
Draskard CL
11:55 Feudal Age
16:38 Castle Age
18:29 Double-Bit Axe
21:11 Wheelbarrow
20:23 Town Watch
23:56 Gold Mining
23:56 Stone Mining
26:39 Stone Mining
27:24 Gold Shaft Mining
28:21 Bow Saw
33:46 Imperial Age
31:04 Loom
31:49 Scale Barding Armor
31:54 Forging
31:50 Murder Holes
32:58 Hand Cart
33:48 Chain Barding Armor
34:03 Iron Casting
35:53 Chivalry
36:14 Conscription
36:45 Husbandry
36:08 Cavalier
37:28 Plate Barding Armor
37:53 Blast Furnace
38:10 Hoardings
37:32 Paladin
47:29 Fletching
47:39 Padded Archer Armor
47:05 Crossbowman
47:13 Heavy Mounted Crossbowman
47:14 Cranequins
timi.huaba
13:19 Feudal Age
14:54 Double-Bit Axe
14:52 Horse Collar
15:13 Gold Mining
16:01 Wheelbarrow
20:52 Castle Age
19:30 Wheelbarrow
19:24 Man-at-Arms
20:23 Forging
20:14 Scale Mail Armor
21:40 Scale Mail Armor
23:20 Bow Saw
25:22 Heavy Plow
25:36 Long Swordsman
26:04 Gambesons
27:20 Hand Cart
28:06 Squires
27:30 Pikeman
32:22 Iron Casting
32:02 Chain Mail Armor
34:00 Gold Shaft Mining
33:00 Hamask
39:27 Imperial Age
36:53 Fletching
37:04 Padded Archer Armor
37:30 Ballistics
37:08 Murder Holes
38:08 Bodkin Arrow
38:19 Scale Barding Armor
38:30 Leather Archer Armor
39:40 Elite Jomsviking
40:45 Conscription
44:10 Chemistry
42:56 Arrowslits
43:17 Siege Engineers
43:07 Elite Skirmisher
43:55 Bracer
44:25 Ring Archer Armor
44:57 Blast Furnace
44:28 Plate Mail Armor
45:17 Halberdier
chazychaz
6:04 Loom
10:57 Feudal Age
11:51 Horse Collar
12:00 Double-Bit Axe
14:42 Castle Age
14:42 Stone Mining
21:23 Bow Saw
23:12 Wheelbarrow
23:44 Fletching
23:44 Town Watch
24:53 Hand Cart
25:09 Gold Mining
26:18 Ballistics
27:18 Padded Archer Armor
27:03 Treadmill Crane
32:30 Imperial Age
30:46 Bodkin Arrow
31:46 Leather Archer Armor
33:06 Heavy Plow
33:43 Gold Shaft Mining
33:35 Conscription
33:37 Yeomen
33:53 Hoardings
33:25 Elite Longbowman
35:19 Two-Man Saw
34:09 Loom
34:25 Town Patrol
34:34 Bracer
34:39 Scale Mail Armor
34:04 Pikeman
34:46 Squires
35:57 Ring Archer Armor
35:40 Forging
36:49 Halberdier
37:52 Chain Mail Armor
39:19 Elite Skirmisher
41:03 Iron Casting
41:31 Chemistry
40:27 Murder Holes
40:38 Siege Engineers
40:43 Masonry
Budokido
10:17 Feudal Age
10:44 Double-Bit Axe
10:41 Horse Collar
18:07 Castle Age
17:30 Gold Mining
17:30 Stone Mining
19:42 Bow Saw
20:07 Heavy Plow
22:52 Gold Shaft Mining
27:12 Scale Barding Armor
27:18 Forging
27:17 Caravan
34:36 Imperial Age
32:11 Detinets
34:14 Chain Barding Armor
34:29 Iron Casting
34:20 Fortified Wall
34:49 Elite Boyar
36:22 Plate Barding Armor
36:29 Hoardings
37:57 Blast Furnace
37:43 Masonry
39:06 Husbandry
39:17 Bloodlines
39:41 Husbandry
39:51 Bloodlines
47:52 Two-Man Saw
47:58 Conscription
47:47 Murder Holes
48:00 Siege Engineers
123
5:29 Loom
11:43 Feudal Age
15:26 Castle Age
13:37 Double-Bit Axe
13:35 Horse Collar
16:32 Bow Saw
18:25 Wheelbarrow
24:44 Heavy Plow
26:54 Scale Mail Armor
27:27 Forging
31:08 Imperial Age
30:25 Anarchy
32:56 Chemistry
33:22 Elite Huskarl
34:12 Squires
35:06 Chain Mail Armor
35:26 Iron Casting
37:20 Perfusion
39:16 Blast Furnace
42:04 Pikeman
43:53 Halberdier
dark_29
0:27 Loom
10:11 Feudal Age
10:38 Double-Bit Axe
10:37 Horse Collar
12:15 Gold Mining
19:11 Castle Age
18:23 Bloodlines
20:35 Bow Saw
20:29 Heavy Plow
21:18 Husbandry
22:28 Forging
24:08 Wheelbarrow
28:39 Imperial Age
26:03 Crossbowman
27:11 Scale Barding Armor
27:24 Thumb Ring
28:36 Stone Mining
29:18 Ballistics
29:02 Murder Holes
30:25 Chain Barding Armor
30:22 Town Watch
30:10 Cavalier
32:15 Fletching
32:40 Padded Archer Armor
33:34 Kamandaran
35:39 Leather Archer Armor
35:19 Bodkin Arrow
36:01 Plate Barding Armor
38:21 Ring Archer Armor
44:04 Chemistry
44:01 Savar
44:06 Heavy Camel Rider
45:00 Masonry
45:28 Iron Casting
49:23 Crop Rotation
49:57 Two-Man Saw
49:15 Hand Cart
49:04 Town Patrol
49:10 Squires
50:14 Blast Furnace
Connection lost

Rejoining the realm…

Still unreachable

The connection could not be restored.

Session expired

The server has moved on; the page needs a fresh start.